 Dungeon Crawl Stone Soup version 0.24-a0-235-g3f03afc (webtiles) character file.

Game seed: 5024091038791519322

28 xeno23 the Sneak (level 3, -1/24 HPs)
             Began as an Octopode Assassin on Apr 7, 2019.
             Slain by an orc
             ... wielding a +0 mace
              (5 damage)
             ... on level 3 of the Dungeon.
             The game lasted 00:02:03 (1307 turns).

xeno23 the Sneak (Octopode Assassin)                Turns: 1307, Time: 00:02:04

Health: -1/24      AC:  1    Str: 10    XL:     3   Next: 14%
Magic:  3/3        EV: 13    Int: 13    God:
Gold:   113        SH:  0    Dex: 14    Spells: 2/2 levels left

rFire    . . .     SeeInvis .   a - +2 dagger
rCold    . . .     Gourm    .   (no shield)
rNeg     . . .     Faith    .   l - +0 hat
rPois    .         Spirit   .   (no amulet)
rElec    .         Reflect  .   (no ring)
rCorr    .         Harm     .   (no ring)
MR       .....                  (no ring)
Stlth    ++++......             (no ring)
HPRegen  0.08/turn              (no ring)
MPRegen  0.08/turn              (no ring)
                                (no ring)
                                (no ring)

@: no status effects
A: almost no armour, stealthy swim, amphibious, 8 rings, constrict 8, camouflage
1, gelatinous body 1
a: no special abilities


You were on level 3 of the Dungeon.
You were not hungry.

You visited 1 branch of the dungeon, and saw 3 of its levels.

You collected 113 gold pieces.

Inventory:

Hand Weapons
 a - a +2 dagger (weapon)
 b - a +0 blowgun
 i - a +0 hunting sling of flaming
Missiles
 c - 8 poisoned needles
 d - 2 curare-tipped needles
Armour
 l - a +0 hat (worn)
Scrolls
 g - a scroll of fog {unknown}
 j - a scroll of identify {unknown}
 k - 2 scrolls of teleportation {unknown}
Potions
 e - a potion of mutation {unknown}
 h - 2 potions of heal wounds {unknown}
Comestibles
 f - 4 rations
 m - a chunk of flesh


   Skills:
 - Level 2.0 Fighting
 * Level 2.7 Short Blades
 - Level 2.2 Throwing
 - Level 1.0 Dodging
 + Level 6.0 Stealth


You had 2 spell levels left.
You didn't know any spells.
Your spell library was empty.

Dungeon Overview and Level Annotations

Branches:
Dungeon (3/15)

Altars:
Fedhas
Gozag
Sif Muna

Annotations:
D:1 1 exclusion


Innate Abilities, Weirdness & Mutations

You cannot wear most types of armour.
You are very stealthy in the water. (Stealth+)
You are amphibious.
You can wear up to eight rings at the same time.
You can use your tentacles to constrict eight enemies at once.
Your skin changes colour to match your surroundings (Stealth+).
Your rubbery body absorbs attacks. (AC +1, EV +1)


Message History

You constrict the orc, but do no damage.
The orc hits you with a +0 dagger. The orc misses you. The kobold hits you.
You take 4 damage.
You are too injured to fight recklessly!
You are too injured to fight recklessly!
You are too injured to fight recklessly!
You release your grip on the orc.
The orc throws a tomahawk.
The tomahawk closely misses you. The orc hits you with a +0 mace.
* * * LOW HITPOINT WARNING * * *
You take 6 damage.
You see here 2 tomahawks.
You barely miss the orc. You grab the orc. You constrict the orc.
The orc hits you with a +0 mace.
* * * LOW HITPOINT WARNING * * *
You take 2 damage.
You hit the orc.
The orc is heavily wounded.
You constrict the orc. The orc hits you with a +0 mace.
You die...

.... #..## ##...####
#.......# #.......#
#K.(....# #.......#
#####Ko.....#
#..@ooo.....#
#.####+###.## ##. #.# #.#
... #.# #.##.#
#.######.#....# ..
####........#..#.#..#
#........#####........
....>..............#..#
.....##.#######.##.#..###


You could see 4 orcs and a kobold.

Vanquished Creatures
  An adder (D:2)
  A leopard gecko (D:2)
  5 bats
  2 giant cockroaches (D:1)
  2 hobgoblins (D:1)
  2 goblins (D:1)
  4 kobolds
  2 rats (D:1)
19 creatures vanquished.

Notes
Turn   | Place    | Note
-------+----------+-------------------------------------------
     0 | D:1      | xeno23 the Octopode Assassin began the quest for the Orb.
     0 | D:1      | Reached XP level 1. HP: 14/14 MP: 1/1
   191 | D:1      | Reached XP level 2. HP: 18/19 MP: 2/2
   602 | D:2      | Found a blossoming altar of Fedhas.
   729 | D:2      | Found an opulent altar of Gozag.
   851 | D:2      | Found a deep blue altar of Sif Muna.
  1113 | D:2      | Reached skill level 6 in Stealth
  1113 | D:2      | Reached XP level 3. HP: 24/24 MP: 3/3
  1307 | D:3      | Slain by an orc

Levels and vault maps discovered:
D:1:      matt_arrival_los_fun, layout_basic, due_unseen_surprise
D:2:      layout_basic, nicolae_gozag_cash_rules_everything_around_me,
          lemuel_blue_sif_altar, lemuel_doored_altar
D:3:      minmay_inner_zag, layout_basic, nemelex_altar_shiori,
          gammafunk_ghost_arena, minivault_27, st_stairs_4,
          minmay_misc_feat_tower, okawaru_gym_becter

Skill      XL: |  1  2 |
---------------+-------+-----
Stealth        | 6 |  6.0
Fighting       | |  2.0
Short Blades   | |  2.7
Throwing       | |  2.2
Dodging        | |  1.0

Action                   || total
-------------------------++-------
Melee: Dagger            ||    39
       Constrict         ||    10
       Tentacles         ||     7
 Stab: Sleeping          ||     9
  Eat: Chunk             ||     1
Armor: Skin              ||     3
Dodge: Dodged            ||    26

Table legend:
 A = Non-vault XP
 B = Vault XP
 C = Vault XP percentage of total XP
 D = Non-vault monster count
 E = Vault monster count
 F = Vault count percentage of total count
                 A         B        C        D         E       F
            +---------+---------+-------+---------+---------+-------
      Total |      41 |       0 |   0.0 |      19 |       0 |   0.0
            +---------+---------+-------+---------+---------+-------
        D:1 |      19 |       0 |   0.0 |      13 |       0 |   0.0
        D:2 |      21 |       0 |   0.0 |       5 |       0 |   0.0
        D:3 |       1 |       0 |   0.0 |       1 |       0 |   0.0
            +---------+---------+-------+---------+---------+-------
